[Event "Late-Titled-Tuesday-Blitz-September-12-2023"]
[Site "Chess.com"]
[Date "2023.09.12"]
[Round "4"]
[White "reevecanada"]
[Black "pokochajszachy"]
[Result "0-1"]
[WhiteElo "2511"]
[BlackElo "2373"]
[TimeControl "180+1"]
[EndTime "14:37:28 PDT"]
[Termination "pokochajszachy won by checkmate"]

1. e4 c5 2. Nf3 Nc6 3. Bb5 g6 4. Bxc6 dxc6 5. d3 Bg7 6. Nc3 Nf6 7. h3 Nd7 8. Be3 e5 9. Qd2 h6 10. Nh2 Qe7 11. Ne2 Nf8 12. O-O-O Ne6 13. f4 exf4 14. Nxf4 Nxf4 15. Bxf4 Be6 16. Qa5 Qf6 17. Be3 Qxb2+ 18.
Kd2 Qb4+ 19. Qxb4 cxb4 20. Bc5 Bc3+ 21. Ke2 Bxa2 22. Nf3 Be6 23. Rb1 a5 24. Bd4 Bxd4 25. Nxd4 c5 26. Nb5 Kd7 27. Rhc1 Kc6 28. c4 a4 29. d4 cxd4 30. Rxb4 Kc5 31. Rbb1 a3 32.
Rb3 a2 33. Na3 Ra5 34. Rb5+ Rxb5 35. cxb5+ Kb6 36. Kd3 Ra8 37. Nc2 Ra4 38. Ra1 Bc4+ 39. Kd2 d3 40. Ne3 Kxb5 41. Kc3 Ra3+ 42. Kd4 Be6 43.
Nd1 Kb4 44. Ke3 Kb3 45. Kd2 Ra6 46. Kxd3 Rd6+ 47. Ke2 Rxd1 48. Rxd1 Kb2 49. Rd2+ Ka3 50. Rd1 Bb3 51. Rf1 Bc4+ 52. Kf2 Bxf1 53. Kxf1 a1=Q+ 54. Kf2 Qe5 55. Kf3 Kb4 56. Ke3 Kc4 57. Kf3 Kd4 58. Kf2 Qxe4 59. Kg1 Qe3+ 60. Kh1 Ke4 61. Kh2 Kf4 62.
Kh1 Kg3 63. h4 Qe1# 0-1

[Event "Late-Titled-Tuesday-Blitz-September-12-2023"]
[Site "Chess.com"]
[Date "2023.09.12"]
[Round "4"]
[White "djano"]
[Black "whitemirrorninja"]
[Result "0-1"]
[WhiteElo "2646"]
[BlackElo "2500"]
[TimeControl "180+1"]
[EndTime "14:37:29 PDT"]
[Termination "whitemirrorninja won on time"]

1. e4 c5 2. Nc3 a6 3. g3 b5 4. Bg2 Bb7 5. d3 e6 6. Nh3 Nc6 7. f4 b4 8. Na4 Qa5 9. b3 Nd4 10. O-O Nf6 11. a3 Qc7 12. f5 exf5 13. axb4 fxe4 14. bxc5 exd3 15. Qxd3 Bxg2 16. Kxg2 Qc6+ 17. Kg1 Ne6 18. b4 Rb8 19. c3 h5 20. Bg5 Ng4 21. Qf5 f6 22. Qg6+ Kd8 23. Bd2 Ne5 24. Qf5 h4 25. g4 Be7 26. Nb6 g6 27. Qc2 Rxb6 28.
cxb6 Bxb4 29. Qc1 Bc5+ 30. Be3 Bxb6 31. Bxb6+ Qxb6+ 32. Nf2 Nf3+ 33. Kh1 Qc6 34. Qe3 Neg5 35. Nd3 Ne5+ 36. Kg1 Nef3+ 37. Kf2 Nxh2 38. Rg1 Re8 39.
Nb4 Qc4 40. Qd3 Qf4+ 41. Kg2 Nxg4 42. Nc6+ Kc7 0-1

[Event "Late-Titled-Tuesday-Blitz-September-12-2023"]
[Site "Chess.com"]
[Date "2023.09.12"]
[Round "4"]
[White "Der_Honigdachs"]
[Black "MarcoRiehle"]
[Result "0-1"]
[WhiteElo "2529"]
[BlackElo "2770"]
[TimeControl "180+1"]
[EndTime "14:37:30 PDT"]
[Termination "MarcoRiehle won on time"]

1. Nf3 c5 2. g3 Nc6 3. Bg2 e5 4.
O-O d5 5. d3 f6 6. c4 Nge7 7. Nc3 Be6 8. Qa4 Qd7 9. e4 dxe4 10.
dxe4 Nd4 11. Qxd7+ Kxd7 12. Nd5 Bxd5 13. cxd5 Nc8 14. Nxd4 cxd4 15. f4 Bd6 16. Bd2 Nb6 17.
b3 Ke7 18. Rac1 Rac8 19. Bh3 Rxc1 20. Rxc1 Nd7 21. Kf2 Nc5 22. Kf3 b6 23. fxe5 Bxe5 24. Bf4 a5 25. Rc4 Ra8 26. Bd2 Kd6 27. Bf1 g6 28. Be1 f5 29. exf5 gxf5 30. b4 axb4 31. Rxb4 Ra3+ 32. Kg2 Rxa2+ 33. Kh3 d3 34. Rxb6+ Kxd5 35.
Bg2+ Ne4 36. Rb5+ Kd4 37. Rb7 d2 38. Rd7+ Ke3 39. Bxd2+ Rxd2 40. Rxd2 Nxd2 41. Kh4 Nf3+ 42. Bxf3 Kxf3 43. Kg5 Bxg3 44. Kxf5 Bxh2 45. Kg5 Bf4+ 46.
Kh4 Kg2 47. Kh5 h6 48. Kh4 Bg5+ 49. Kg4 Bc1 50. Kh4 Bd2 51. Kg4 Bg5 52. Kh5 Kg3 0-1

[Event "Late-Titled-Tuesday-Blitz-September-12-2023"]
[Site "Chess.com"]
[Date "2023.09.12"]
[Round "4"]
[White "kleinebeer98"]
[Black "ChristopherYoo"]
[Result "0-1"]
[WhiteElo "2818"]
[BlackElo "3016"]
[TimeControl "180+1"]
[EndTime "14:37:32 PDT"]
[Termination "ChristopherYoo won by resignation"]

1. e4 Nc6 2. Nf3 d6 3. d4 Nf6 4.
Nc3 Bg4 5. d5 Ne5 6. Nxe5 Bxd1 7. Bb5+ c6 8. dxc6 dxe5 9. c7+ Qd7 10. Bxd7+ Kxd7 11. Kxd1 e6 12. a3 Kxc7 13. Ke2 Bc5 14. b4 Bd4 15. Nb5+ Kb6 16. Nxd4 exd4 17. Kd3 Rac8 18. Bb2 e5 19. h3 Rhd8 20. Rhf1 g5 21. g3 Nh5 22. Rad1 Rc6 23. Rd2 Kb5 24. Ke2 Rdc8 25. Rc1 Nf6 26. Kd3 Rc4 27. f4 gxf4 28. gxf4 Nh5 29. Rf2 Nxf4+ 30. Kd2 Ka4 31. Rf3 Rg8 32.
Rcf1 Rgc8 33. Rc1 R8c6 34. h4 Rh6 35. c3 Rxh4 36. cxd4 Rh2+ 37. Kd1 Rh1+ 38. Kd2 Rhxc1 39. Bxc1 Rxd4+ 40. Kc2 Rc4+ 41. Kb1 Rxe4 42. Bb2 f6 43. Rc3 Nd5 44. Rc5 Nb6 45. Rc7 Nc4 46. Bc1 Kb3 47.
b5 Re1 48. a4 Na3+ 49. Ka1 Nc2+ 50. Kb1 Na3+ 51. Ka1 Nc4 52. Kb1 h5 53. a5 Nxa5 54.
Ka1 Nc4 55. Kb1 h4 56. b6 axb6 57. Rc8 h3 58. Rc7 h2 0-1

[Event "Late-Titled-Tuesday-Blitz-September-12-2023"]
[Site "Chess.com"]
[Date "2023.09.12"]
[Round "4"]
[White "WindWhistler11"]
[Black "Garmendiarov"]
[Result "0-1"]
[WhiteElo "2476"]
[BlackElo "2358"]
[TimeControl "180+1"]
[EndTime "14:37:33 PDT"]
[Termination "Garmendiarov won on time"]

1. Nf3 Nf6 2. g3 g6 3. Bg2 Bg7 4. d3 d5 5. Nbd2 O-O 6. O-O c5 7. e4 Nc6 8. c3 e5 9. a3 Re8 10. Re1 a5 11. a4 d4 12. Nc4 Qc7 13. Na3 b6 14. Nb5 Qd7 15. Qc2 Ba6 16. Nd2 Rad8 17. Bf1 Na7 18. Nc4 Rb8 19. Ncd6 Red8 20. Nxa7 Qxa7 21.
Nb5 Qd7 22. c4 Qg4 23. h3 Qh5 24. h4 Bc8 25. Be2 Bg4 26. f3 Bxf3 27. Nc7 Bxe2 28. Qxe2 Qxe2 29. Rxe2 Rb7 30. Nb5 Ng4 31. Kg2 Rf8 32.
Bd2 f5 33. exf5 gxf5 34. Rf1 Re7 35. Bg5 Ree8 36. Nc7 Rc8 37. Ne6 Rf7 38. Nd8 Rf8 39. Ne6 Rf7 40. h5 Bf6 41. Bxf6 Rxf6 42. Ng5 Ne3+ 0-1

[Event "Late-Titled-Tuesday-Blitz-September-12-2023"]
[Site "Chess.com"]
[Date "2023.09.12"]
[Round "4"]
[White "Igor_Lysyj"]
[Black "Bigfish1995"]
[Result "0-1"]
[WhiteElo "2846"]
[BlackElo "3054"]
[TimeControl "180+1"]
[EndTime "14:37:35 PDT"]
[Termination "Bigfish1995 won by resignation"]

1. d4 h6 2. e4 c6 3. c4 d5 4. exd5 cxd5 5. Nc3 Nf6 6. Nf3 e6 7. cxd5 Nxd5 8. Bd3 Nc6 9. O-O Be7 10. Bc2 O-O 11. Qd3 Nf6 12. a3 Re8 13. Bf4 Bf8 14. Rad1 a6 15. Ne5 Ne7 16. Qg3 Nh5 17. Qd3 g6 18. Bc1 Bg7 19. Qf3 Rf8 20. g4 Nf6 21.
Bxh6 Bxh6 22. Qxf6 Nd5 23. Qxd8 Rxd8 24. Nxd5 exd5 25. h3 Bd7 26. f4 Rac8 27. Bd3 Be8 28. g5 Bg7 29. Kg2 Bd7 30. h4 Bxe5 31. fxe5 Kg7 32.
Rc1 Be6 33. Kg3 a5 34. Rc2 Rxc2 35. Bxc2 Rc8 36. Bd3 Rc6 37. Kf2 Rb6 38. Rb1 Rb3 39. Bc2 Rh3 40. Kg2 Rxh4 41. b4 Rxd4 42. Ba4 Rd2+ 43.
Kf3 Rd3+ 44. Kf2 Rxa3 45. Bd1 a4 46. b5 Ra2+ 47. Ke3 a3 48. Kd4 Rb2 49. Rxb2 axb2 50. Bc2 Bf5 51. Kc3 b1=Q 0-1

[Event "Late-Titled-Tuesday-Blitz-September-12-2023"]
[Site "Chess.com"]
[Date "2023.09.12"]
[Round "4"]
[White "GianmarcoVaR"]
[Black "MikaelyanArman"]
[Result "0-1"]
[WhiteElo "2653"]
[BlackElo "2925"]
[TimeControl "180+1"]
[EndTime "14:37:37 PDT"]
[Termination "MikaelyanArman won on time"]

1. e4 e5 2. Nf3 Nc6 3. Bc4 Nf6 4. d3 Bc5 5. O-O a6 6. c3 Ba7 7. Nbd2 d6 8. Bb3 O-O 9. Bc2 Ne7 10. d4 Ng6 11. Re1 Re8 12. h3 Nh5 13. Nf1 Nhf4 14.
Ng3 Qf6 15. Be3 h5 16. Rc1 h4 17. Nf1 Be6 18. N3h2 Qg5 19. Ng4 Rad8 20. Nfh2 Qe7 21. Qf3 Bb8 22. Rcd1 c6 23. Rd2 Rf8 24. Red1 Rde8 25.
a4 a5 26. dxe5 dxe5 27. Bb6 Bc8 28. Qe3 Ne6 29. Bb3 Ngf4 30. Nf3 f6 31. Nxh4 Qf7 32.
Nf5 Kh8 33. Nd6 Bxd6 34. Rxd6 Qg6 35. Qf3 Ng5 36. Qe3 Qxe4 37. Qxe4 Nxe4 38. Rd8 Rxd8 39. Rxd8 Rxd8 40. Bxd8 Nc5 41. Bc2 Nfd3 42. b3 Nc1 43. b4 axb4 44. cxb4 N5d3 45. b5 cxb5 46. axb5 Nb4 47. Be4 Ne2+ 48. Kh1 Nc3 0-1

[Event "Late-Titled-Tuesday-Blitz-September-12-2023"]
[Site "Chess.com"]
[Date "2023.09.12"]
[Round "4"]
[White "Athanasios2"]
[Black "SalihEke"]
[Result "1-0"]
[WhiteElo "2708"]
[BlackElo "2510"]
[TimeControl "180+1"]
[EndTime "14:37:37 PDT"]
[Termination "Athanasios2 won on time"]

1. Nf3 d5 2. e3 c5 3. b3 Nc6 4. Bb2 Nf6 5. d4 cxd4 6. Nxd4 g6 7. Nd2 Bg7 8. Be2 O-O 9. O-O Re8 10. c4 e5 11. Nxc6 bxc6 12. Nf3 Ne4 13. Rc1 Bb7 14. Qc2 Rc8 15. Rfd1 Qe7 16. Nd2 Nxd2 17. Qxd2 Red8 18. Qa5 Ba8 19. h3 d4 20. exd4 exd4 21. Bf3 c5 22. Bxa8 Rxa8 23. Re1 Qd7 24. Qxc5 d3 25. Bxg7 d2 26.
Bc3 dxc1=Q 27. Rxc1 Re8 28. Qg5 Qe7 29. Qf4 Rad8 30.
c5 Rd5 31. b4 Qg5 32. Qxg5 Rxg5 33. Rd1 a5 34. a3 Rf5 35. c6 Rf4 36. Bd4 axb4 37.
axb4 Rf5 38. c7 Rc8 39. Rc1 Rd5 40. Be3 Rb5 41. Rc4 f6 42. g4 Kf7 43. Kg2 Ke6 44. Bf4 g5 45. Bg3 1-0

[Event "Late-Titled-Tuesday-Blitz-September-12-2023"]
[Site "Chess.com"]
[Date "2023.09.12"]
[Round "4"]
[White "kuli4ik"]
[Black "ameetghasi100"]
[Result "1-0"]
[WhiteElo "2952"]
[BlackElo "2692"]
[TimeControl "180+1"]
[EndTime "14:37:38 PDT"]
[Termination "kuli4ik won by checkmate"]

1. Nf3 g6 2. d4 Bg7 3. e3 Nf6 4. Be2 O-O 5. O-O d6 6. b4 Nbd7 7. Bb2 e5 8. dxe5 Ng4 9. c4 Ndxe5 10. Nc3 a5 11. a3 Be6 12. Nd4 Bd7 13. h3 Nf6 14.
Qc2 Re8 15. Rfd1 Qc8 16. Bf1 Nc6 17. Nxc6 Bxc6 18. b5 Be4 19. Bd3 Qf5 20. Nxe4 Nxe4 21. Bxg7 Kxg7 22. f3 Qc5 23. Bxe4 Qxe3+ 24. Qf2 Qxf2+ 25.
Kxf2 Rab8 26. Re1 Re5 27. Bd5 c6 28. Rxe5 dxe5 29. bxc6 bxc6 30. Bxc6 Rb2+ 31. Kf1 Rc2 32. Bd5 f5 33. Rb1 Kh6 34. Rb5 Kg5 35. g3 f4 36.
h4+ Kh5 37. Be4 Rc1+ 38. Kg2 fxg3 39. Kxg3 Rxc4 40. Rxe5+ Kh6 41. Rxa5 Kg7 42. h5 Kh6 43. hxg6 hxg6 44. Ra6 Kg5 45. Rxg6+ Kh5 46. Ra6 Rc5 47. a4 Rg5+ 48. Kf2 Rc5 49. Rb6 Rc3 50. a5 Ra3 51.
a6 Ra2+ 52. Kg3 Ra3 53. Kf4 Ra5 54. Ke3 Ra3+ 55. Bd3 Rxa6 56. Rxa6 Kh4 57. Rg6 Kh3 58. Kf4 Kh2 59. Rg3 Kh1 60. Ke3 Kh2 61. Kf2 Kh1 62. Rh3# 1-0

[Event "Late-Titled-Tuesday-Blitz-September-12-2023"]
[Site "Chess.com"]
[Date "2023.09.12"]
[Round "4"]
[White "FredddieCroderg"]
[Black "TERMINATOR_PC"]
[Result "0-1"]
[WhiteElo "2333"]
[BlackElo "2538"]
[TimeControl "180+1"]
[EndTime "14:37:38 PDT"]
[Termination "TERMINATOR_PC won by resignation"]

1. e4 e5 2. Nf3 Nc6 3. d4 exd4 4. Bc4 Nf6 5. O-O Nxe4 6. Re1 d5 7. Bxd5 Qxd5 8. Nc3 Qd7 9. Nxe4 Be7 10. Bg5 O-O 11. Bxe7 Qxe7 12. Nxd4 Bd7 13. Nb3 Bf5 14. Nec5 Qf6 15. c3 Rad8 16. Qf3 b6 17. Ne4 Qg6 18. Ng3 Bc2 19. h4 h6 20. h5 Qd6 21. Re3 Ne5 22. Qf4 Nc4 23. Qxd6 cxd6 24. Re2 Bd3 25. Re7 Nxb2 26.
Rxa7 Rc8 27. Rb7 Na4 28. Rc1 d5 29. Nf1 Nxc3 30. Nd4 Rfe8 31. Ne3 b5 32. a3 Re4 33. Nxd5 Rxd4 34. Rxc3 Re8 35. Ne3 Be2 36. Rc5 Ra8 37. Rc3 Rda4 38. Rbc7 Rxa3 39. Rxa3 Rxa3 40. Rc8+ Kh7 41.
Rc7 Bxh5 42. Rb7 Rb3 43. Kh2 Bg6 44. Kg3 Rb1 45. Kf3 b4 46. Ke2 b3 47. Kd2 b2 48.
Nd1 Rxd1+ 49. Kxd1 b1=Q+ 50. Rxb1 Bxb1 0-1

[Event "Late-Titled-Tuesday-Blitz-September-12-2023"]
[Site "Chess.com"]
[Date "2023.09.12"]
[Round "4"]
[White "jcmesafischer"]
[Black "Aslanov_Umid"]
[Result "0-1"]
[WhiteElo "2367"]
[BlackElo "2559"]
[TimeControl "180+1"]
[EndTime "14:37:38 PDT"]
[Termination "Aslanov_Umid won by checkmate"]

1. Nf3 d5 2. g3 Nf6 3. d3 c6 4. Bg2 Bg4 5. O-O Nbd7 6. c4 dxc4 7. dxc4 e5 8. Nc3 Be7 9. Qc2 O-O 10. Be3 Re8 11. a3 a5 12. Na4 Qc7 13. c5 Rad8 14. Ng5 h6 15. Ne4 Nxe4 16. Qxe4 Nf6 17. Qc2 Be6 18. Rfd1 Bd5 19. f3 e4 20. Bf4 Qc8 21. fxe4 Bxe4 22. Bxe4 Nxe4 23. Rxd8 Bxd8 24. Rd1 Qe6 25.
Kg2 Bg5 26. Bxg5 Nxg5 27. Nc3 Qh3+ 28. Kg1 Qe6 29. Qd3 Qe5 30. Qd4 Qe6 31. Kg2 Qh3+ 32. Kg1 Qh5 33. Rd2 Ne6 34. Qd7 Qxc5+ 35. Kg2 Qe7 36. Qxe7 Rxe7 37. Kf3 f5 38. h4 Kf7 39. e3 g5 40. Ne2 Nc5 41. Nd4 g4+ 42. Ke2 Ne4 43. Rc2 Nxg3+ 44. Kf2 Ne4+ 45. Kg2 Kf6 46.
b4 axb4 47. axb4 Nd6 48. Rd2 Rxe3 49. Nxc6 Ne4 50. Rc2 bxc6 51. Rxc6+ Ke5 52. Rxh6 Kf4 53. Kf1 Ng3+ 54. Kf2 Re2+ 55. Kg1 Kf3 56. b5 Rg2# 0-1

[Event "Late-Titled-Tuesday-Blitz-September-12-2023"]
[Site "Chess.com"]
[Date "2023.09.12"]
[Round "4"]
[White "FredyMatsuura"]
[Black "SCIM"]
[Result "1-0"]
[WhiteElo "2346"]
[BlackElo "2581"]
[TimeControl "180+1"]
[EndTime "14:37:39 PDT"]
[Termination "FredyMatsuura won by checkmate"]

1. d4 d5 2. c4 c6 3. Nc3 Nf6 4. e3 e6 5. Nf3 Nbd7 6. Bd3 Bd6 7. O-O O-O 8. b3 b6 9. Bb2 Bb7 10. e4 dxe4 11. Nxe4 Nxe4 12. Bxe4 Nf6 13. Bc2 c5 14.
Qe2 Bxf3 15. Qxf3 cxd4 16. Bxd4 Bxh2+ 17. Kxh2 Qxd4 18. Rad1 Qe5+ 19. Kg1 Rad8 20. Rfe1 Qb2 21. Qe2 Qc3 22. Bb1 g6 23. Rc1 Qd2 24. Qf3 Kg7 25.
Rcd1 Qa5 26. Qb7 h5 27. Qf3 Rd2 28. Rxd2 Qxd2 29. Rd1 Qa5 30. Qd3 Qc5 31. Qc3 Qe7 32. b4 Rd8 33. Rxd8 Qxd8 34. Bc2 Qc7 35. c5 bxc5 36.
bxc5 e5 37. Qc4 Nd7 38. c6 Nb6 39. Qc5 Kf6 40. a4 a5 41. Bb3 Nc8 42. Bd5 Nd6 43. Qa3 Ke7 44. Qe3 Nf5 45. Qc5+ Qd6 46. Qxa5 Nd4 47.
Qa7+ Kd8 48. Qxf7 Qc5 49. Qd7# 1-0

[Event "Late-Titled-Tuesday-Blitz-September-12-2023"]
[Site "Chess.com"]
[Date "2023.09.12"]
[Round "4"]
[White "Bauman_Guy"]
[Black "BigAl"]
[Result "1-0"]
[WhiteElo "2901"]
[BlackElo "2545"]
[TimeControl "180+1"]
[EndTime "14:37:41 PDT"]
[Termination "Bauman_Guy won by resignation"]

1. e4 c6 2. d4 d5 3. e5 Bf5 4. h4 c5 5. dxc5 Nc6 6. Nf3 e6 7. Be3 Bg4 8. c3 Nge7 9. Nbd2 Nf5 10. Bb5 Nxe3 11. fxe3 Bxf3 12. Qxf3 Bxc5 13. Nb3 Be7 14. Nd4 O-O 15. Bxc6 bxc6 16. Nxc6 Qc7 17. Nxe7+ Qxe7 18. e4 Rab8 19. exd5 exd5 20. O-O-O Qxe5 21. Rxd5 Qe6 22. Kb1 a5 23. Rhd1 a4 24. a3 h6 25. Qd3 Qe7 26. Ka2 Qxh4 27. Rd4 Qf6 28. Rxa4 Qe6+ 29. Qc4 Qb6 30.
Rb4 Qg6 31. g4 Rbe8 32. Qd3 Qg5 33. Rb5 Qe7 34. Qc4 Rc8 35. Qb3 Qe2 36. Rb4 Rfe8 37. Rf4 Qh2 38. Qxf7+ Kh8 39. Rd7 Rg8 40. g5 Rb8 41.
Rb4 Rbf8 42. Qg6 Qh3 43. Rbb7 h5 44. Qh6+ 1-0

[Event "Late-Titled-Tuesday-Blitz-September-12-2023"]
[Site "Chess.com"]
[Date "2023.09.12"]
[Round "4"]
[White "ValeriyGrinev"]
[Black "AlexanderL"]
[Result "0-1"]
[WhiteElo "2544"]
[BlackElo "2853"]
[TimeControl "180+1"]
[EndTime "14:37:42 PDT"]
[Termination "AlexanderL won on time"]

1. Nf3 Nf6 2. c4 b6 3. Nc3 Bb7 4. d4 g6 5. Bg5 Bg7 6. e3 Ne4 7.
Bf4 Nxc3 8. bxc3 d6 9. h4 h6 10. Bd3 Nd7 11. Qc2 e5 12. Bxg6 exf4 13. exf4 Qe7+ 14.
Kd1 O-O-O 15. Re1 Qf6 16. Bf5 Kb8 17. a4 a5 18. Kc1 Nf8 19. Kb2 Ne6 20. Bxe6 fxe6 21.
Re3 Qxf4 22. Rxe6 Bxf3 23. gxf3 Qxf3 24. Rae1 Qc6 25. Kb3 Rhf8 26. Qg6 Bh8 27. R1e2 Qf3 28. R6e3 Qf5 29. Qg2 Qb1+ 30. Rb2 Qd1+ 31. Rc2 Rde8 32. c5 dxc5 33. dxc5 Rxe3 34. fxe3 Qf3 35. cxb6 cxb6 36. Qh2+ Kb7 37. Qd6 Qf7+ 38. Kb2 Rc8 39.
e4 Qe8 40. Qxh6 Qxe4 41. Qd2 Qb4+ 42. Kc1 Bxc3 43. Qd7+ Rc7 44. Qd5+ Ka7 45. Kd1 Qg4+ 46. Kc1 Qg1+ 47. Qd1 Bd2+ 48. Kxd2 Rd7+ 49. Kc3 Qxd1 50. Kb2 Rd2 51. Rxd2 Qxd2+ 0-1

[Event "Late-Titled-Tuesday-Blitz-September-12-2023"]
[Site "Chess.com"]
[Date "2023.09.12"]
[Round "4"]
[White "m_ezat"]
[Black "MathiasWomacka"]
[Result "0-1"]
[WhiteElo "2654"]
[BlackElo "2512"]
[TimeControl "180+1"]
[EndTime "14:37:43 PDT"]
[Termination "MathiasWomacka won by checkmate"]

1. d4 Nf6 2. c4 e6 3. Nc3 Bb4 4. e3 c5 5. a3 Bxc3+ 6. bxc3 O-O 7. Bd3 b6 8. Ne2 Ba6 9. e4 Ne8 10. Ng3 Nc6 11. O-O cxd4 12. cxd4 Nxd4 13. f4 Rc8 14. f5 Bxc4 15. f6 b5 16. e5 d6 17.
fxg7 Nxg7 18. Bh6 dxe5 19. Bxg7 Kxg7 20. Qh5 f5 21. Bxc4 Rxc4 22. Rae1 e4 23. Qd1 Nc2 24. Qb1 Qd4+ 25. Kh1 Nxe1 26. Rxe1 Rfc8 27. h3 Qf2 28. Nh5+ Kg6 29. Rf1 Qc2 30. Nf4+ Kf7 31. Qe1 Qc1 32. Qh4 Qxf1+ 33. Kh2 Rc2 34. Qxh7+ Kf6 35. Qg6+ Ke5 36. Qxe6+ Kxf4 37. Qd6+ Ke3 38. Qg3+ Ke2 39. Qd6 Ke1 40. Qg6 Rxg2+ 41. Qxg2 Qxg2+ 42. Kxg2 e3 43. h4 e2 44. Kh3 Kd2 45. h5 e1=Q 46. Kg2 Rg8+ 47. Kf3 Qe3# 0-1

[Event "Late-Titled-Tuesday-Blitz-September-12-2023"]
[Site "Chess.com"]
[Date "2023.09.12"]
[Round "4"]
[White "becemix"]
[Black "Sacbutt"]
[Result "1-0"]
[WhiteElo "2528"]
[BlackElo "2359"]
[TimeControl "180+1"]
[EndTime "14:37:43 PDT"]
[Termination "becemix won on time"]

1. e4 c5 2. Nf3 d6 3. d4 cxd4 4. Nxd4 Nf6 5. Nc3 a6 6. Bg5 e6 7. Bc4 Be7 8. Bb3 Qc7 9. f4 O-O 10. f5 e5 11. Nde2 Nbd7 12. Ng3 b5 13. Bxf6 Nxf6 14.
Nh5 Bb7 15. Nxf6+ Bxf6 16. Nd5 Bxd5 17. Bxd5 Rac8 18. c3 Bg5 19. O-O Kh8 20. Rf3 a5 21. h4 Bxh4 22. Rh3 Bg5 23. Qh5 Bh6 24. f6 Qc5+ 25. Kh1 Rg8 26. Bxf7 Qf2 27. Bxg8 Rxg8 28. Rf3 Qxb2 29. Rg1 Qxa2 30. fxg7+ Bxg7 31. Rh3 h6 32. Qg6 Rf8 33. Qxd6 Rf2 34. Qb8+ Kh7 35. Qxb5 a4 36. Qd3 Rb2 37. Qf3 Rb1 38. Qf5+ Kh8 39. Rf3 Rxg1+ 40. Kxg1 Qb1+ 41. Rf1 Qb6+ 42. Kh2 a3 43. Qc8+ Kh7 44. Qa8 Qb5 45. Rf7 Qc6 46. Qxc6 1-0

[Event "Late-Titled-Tuesday-Blitz-September-12-2023"]
[Site "Chess.com"]
[Date "2023.09.12"]
[Round "4"]
[White "traack"]
[Black "MBA_CHESS_2021"]
[Result "1-0"]
[WhiteElo "2355"]
[BlackElo "2217"]
[TimeControl "180+1"]
[EndTime "14:37:43 PDT"]
[Termination "traack won by checkmate"]

1. e4 e5 2. Nf3 Nc6 3. Nc3 Nf6 4. a3 Bc5 5. Nxe5 Bxf2+ 6. Kxf2 Nxe5 7. d4 Nfg4+ 8. Kg1 Qf6 9. Qe2 Nc6 10. e5 Qg6 11. h3 Nh6 12. Bxh6 Qxh6 13. Rd1 O-O 14. Qd2 Qh4 15. Bb5 d6 16. exd6 cxd6 17. Kh2 Bd7 18. Rhe1 Rae8 19. Nd5 Be6 20. Nc7 Re7 21. d5 Rxc7 22. dxe6 Ne5 23. exf7+ Rfxf7 24. Qxd6 Ng4+ 25. Kg1 Qf2+ 26. Kh1 Rxc2 27. Re8+ Rf8 28. Rxf8+ Qxf8 29. Qxf8+ Kxf8 30. hxg4 a6 31. Bd3 Rxb2 32. Bxh7 Ke7 33. Bf5 Kf6 34. Rb1 Ra2 35. Rxb7 Rxa3 36. Rb6+ Ke5 37.
Kh2 Kf4 38. Rb4+ Kg5 39. Rb7 Kf6 40. Ra7 a5 41. g3 Ra2+ 42. Kh3 Ra1 43. Kg2 Ra2+ 44.
Kf3 Ra3+ 45. Kf4 Ra4+ 46. Kf3 Ra3+ 47. Kf2 Ra2+ 48. Ke3 Ra3+ 49. Bd3 g5 50. Ra6+ Ke5 51. Rg6 a4 52. Rxg5+ Kf6 53. Ra5 Ra1 54. g5+ Ke6 55.
Ra6+ Kf7 56. Ra7+ Kg8 57. g6 Ra3 58. Ke4 Ra1 59. Bc4+ Kf8 60. g7+ Ke8 61. g8=Q# 1-0

[Event "Late-Titled-Tuesday-Blitz-September-12-2023"]
[Site "Chess.com"]
[Date "2023.09.12"]
[Round "4"]
[White "bascheyaro"]
[Black "dropstoneDP"]
[Result "0-1"]
[WhiteElo "2821"]
[BlackElo "3025"]
[TimeControl "180+1"]
[EndTime "14:37:45 PDT"]
[Termination "dropstoneDP won by resignation"]

1. d4 d5 2. Nf3 Nf6 3. c4 e6 4. Nc3 c5 5. cxd5 Nxd5 6. Nxd5 Qxd5 7. e3 Nc6 8. Be2 cxd4 9. Nxd4 Bb4+ 10. Kf1 Nxd4 11.
Qxd4 Qxd4 12. exd4 O-O 13. a3 Be7 14. Be3 Bd7 15.
f4 Bc6 16. Kf2 Rfd8 17. Rhd1 Rd7 18. Rac1 Bf6 19. b4 a6 20. Bf3 Bxf3 21. Kxf3 h5 22. h3 h4 23. Ke4 Be7 24. f5 exf5+ 25. Kxf5 a5 26. Kg4 axb4 27. axb4 Ra2 28. Rc8+ Kh7 29.
Kf3 Bxb4 30. d5 Ra3 31. Rc4 Be7 32. Kf2 b5 33. Re4 b4 34. Rb1 b3 35. Bc1 Ra2+ 36.
Kf3 Rc2 37. d6 Bf6 38. Bf4 b2 39. Be5 Bxe5 40. Rxe5 Rxd6 41. Rh5+ Rh6 42. Rb5 Rf6+ 43. Ke4 Rxg2 44. R1xb2 Rxb2 45. Rxb2 g5 46. Rb8 Kg7 47.
Ra8 Rf4+ 48. Ke3 Rb4 49. Kf3 Kg6 50. Ra3 Rb2 51. Ra6+ f6 52. Ra3 Rh2 53. Ke4 f5+ 54.
Ke5 Re2+ 55. Kd4 g4 56. Kd3 Re7 57. Ra4 Kg5 0-1

[Event "Late-Titled-Tuesday-Blitz-September-12-2023"]
[Site "Chess.com"]
[Date "2023.09.12"]
[Round "4"]
[White "OYAcosta"]
[Black "Zampronha1971"]
[Result "1-0"]
[WhiteElo "2204"]
[BlackElo "2302"]
[TimeControl "180+1"]
[EndTime "14:37:45 PDT"]
[Termination "OYAcosta won by resignation"]

1. d4 Nf6 2. Bf4 e6 3. e3 c5 4. Nf3 d5 5. Nbd2 Nc6 6. c3 Bd6 7. Bg3 O-O 8. Bd3 Qe7 9. Ne5 Nd7 10. f4 f6 11. Bh4 Qe8 12. Nxc6 bxc6 13. Qf3 e5 14. fxe5 fxe5 15. Qe2 Rb8 16. O-O-O exd4 17. exd4 Qxe2 18. Bxe2 cxd4 19. cxd4 Nf6 20. Bf3 Bf5 21. Rhe1 Bf4 22. Bg3 Bxg3 23. hxg3 Rfe8 24. Nb3 Rxe1 25.
Rxe1 Re8 26. Rxe8+ Nxe8 27. Na5 Bd7 28. Kd2 Kf8 29. Kc3 Ke7 30. Kb4 Kd6 31. Nb7+ Kc7 32. Nc5 Bc8 33. Ka5 Nd6 34. a4 Nc4+ 35. Kb4 Nxb2 36.
Be2 Kb6 37. Kc3 Nc4 38. Bxc4 dxc4 39. Kxc4 Ka5 40. Kb3 Bf5 41. Nb7+ Kb6 42. Nd6 Bd3 43. Kb4 Bf1 44. Nf5 g6 45. Ne3 Be2 46. a5+ Kc7 47. Kc5 Kd7 48. g4 h6 49. g3 Bf3 50. Nc4 Bxg4 51. Ne5+ Ke6 52. Nxg4 h5 53. Ne3 g5 54.
Kxc6 h4 55. d5+ Ke5 56. gxh4 Ke4 57. hxg5 1-0

[Event "Late-Titled-Tuesday-Blitz-September-12-2023"]
[Site "Chess.com"]
[Date "2023.09.12"]
[Round "4"]
[White "MusicCityMaster"]
[Black "Artyom_ChessMate"]
[Result "0-1"]
[WhiteElo "2367"]
[BlackElo "2563"]
[TimeControl "180+1"]
[EndTime "14:37:46 PDT"]
[Termination "Artyom_ChessMate won by checkmate"]

1. e4 Nf6 2. e5 Nd5 3. c4 Nb6 4. a4 a5 5. Ra3 e6 6. Re3 d5 7. exd6 cxd6 8. d4 Be7 9. Nc3 O-O 10. Bd3 f5 11. Rh3 g6 12. Bh6 Rf7 13. Nf3 Nc6 14. O-O e5 15. c5 dxc5 16. dxe5 Be6 17.
Ne2 c4 18. Nf4 Qd7 19. Bc2 Qc8 20. Ng5 Bxg5 21. Bxg5 Rd7 22. Qe2 Nd4 23. Qe3 Qc6 24. Bd1 Re8 25. Qg3 Bd5 26. Nh5 gxh5 27. Bf6+ Kf8 28.
Qg5 Ra8 29. Bxh5 Rf7 30. Qh6+ Ke8 31. Qxh7 Qe6 32. Rg3 Ne2+ 33. Kh1 Nxg3+ 34. fxg3 Kd7 35. Bxf7 Qxf7 36. Qxf5+ Qe6 37. Qh7+ Qf7 38. Qf5+ Be6 39. Qf2 Kc6 40. Rd1 Bd5 41. Qd4 Qe6 42. Kg1 Rf8 43. b3 Rd8 44. b4 axb4 45. a5 Nd7 46. Rc1 Nc5 47. Qf4 Rd7 48. h4 Nd3 49. Kh2 Nxf4 50.
gxf4 Qg4 51. g3 Rh7 52. Rc2 Qf3 53. Rd2 Qh1# 0-1

[Event "Late-Titled-Tuesday-Blitz-September-12-2023"]
[Site "Chess.com"]
[Date "2023.09.12"]
[Round "4"]
[White "SpeedofLight0"]
[Black "jcibarra"]
[Result "1/2-1/2"]
[WhiteElo "3100"]
[BlackElo "2930"]
[TimeControl "180+1"]
[EndTime "14:37:47 PDT"]
[Termination "Game drawn by repetition"]

1. e4 c5 2. Nc3 a6 3. f4 b5 4. Nf3 Bb7 5. d3 e6 6. g3 d5 7.
Qe2 Nc6 8. Bg2 Nd4 9. Qf2 Nf6 10. Nxd4 cxd4 11. Qxd4 b4 12. e5 Nd7 13. Na4 Bc6 14.
b3 Bxa4 15. bxa4 Rc8 16. Qb2 Qa5 17. O-O Qxa4 18. Rf2 g6 19. Bf1 Rc3 20. d4 Nb6 21. a3 Rxa3 22. Rxa3 Qxa3 23. Qb1 Qa4 24. c3 Be7 25.
Ra2 Qc6 26. Rxa6 O-O 27. cxb4 Rc8 28. Bd2 Qb7 29. Qa2 Bd8 30. Ra7 Qb8 31. Be1 Nc4 32. Qa6 Bb6 33. Rb7 Bxd4+ 34. Kh1 Qa8 35. Qxa8 Rxa8 36. Bxc4 dxc4 37. Rd7 Bb2 38. Kg2 Rc8 39.
Rd2 Bc3 40. Re2 Bxe1 41. Rxe1 Rb8 42. Rb1 c3 43. Rc1 Rxb4 44. Rxc3 Rb2+ 45. Kh3 h5 46. Rc7 Kg7 47. Rd7 Rc2 48. Rd8 Rb2 49. Rd7 Rc2 50. Rd8 Rc7 51. Rd6 Rc2 52. Ra6 Rb2 53.
Ra7 Rc2 54. Ra8 Rb2 55. Rd8 Rc2 56. Rd7 Rb2 57. Rd8 Rc2 58. Rd7 Rb2 59. Rd8 1/2-1/2